 Dungeon Crawl Stone Soup version 0.26-a0-784-g51bffae0b1 (webtiles) character file.

Game seed: 15006064743900934260

2897 Kinoniko the Slasher (level 10, -12/66 HPs)
             Began as a Halfling Fighter on Nov 10, 2020.
             Was a High Priest of the Shining One.
             Killed by divine providence
             ... invoked by an orc priest
              (15 damage)
             ... on level 11 of the Dungeon.
             The game lasted 00:10:30 (8646 turns).

Kinoniko the Slasher (Halfling Fighter)             Turns: 8646, Time: 00:10:30

Health: -12/66     AC: 13    Str: 17    XL:     10   Next: 5%
Magic:  14/14      EV: 13    Int:  6    God:    the Shining One [*****.]
Gold:   294        SH: 16    Dex: 18    Spells: 9/9 levels left

rFire    . . .     SeeInvis .   s - +6 long sword (protect)
rCold    . . .     Faith    .   c - +5 kite shield
rNeg     + + .     Spirit   .   b - +0 scale mail
rPois    .         Reflect  .   (no helmet)
rElec    .         Harm     .   r - scarf {repulsion}
rCorr    .         Rampage  .   (no gloves)
MR       .....                  (no boots)
Stlth    ..........             (no amulet)
HPRegen  0.21/turn              (no ring)
MPRegen  0.14/turn              (no ring)

@: protection aura, glowing, repel missiles
A: small, mutation resistance 1
a: Divine Shield, Cleansing Flame, Summon Divine Warrior, Renounce Religion


You were on level 11 of the Dungeon.
You worshipped the Shining One.
The Shining One was extremely pleased with you.
You visited 2 branches of the dungeon, and saw 11 of its levels.
You also visited: Ossuary.

You collected 634 gold pieces.
You spent 340 gold pieces at shops.

Inventory:

Hand Weapons
 a - a +0 long sword
 s - a +6 long sword of protection (weapon)
Armour
 b - a +0 scale mail (worn)
 c - a +5 kite shield (worn)
 r - a scarf of repulsion (worn)
Jewellery
 p - a +6 ring of strength
 t - an uncursed ring of fire
 v - a cursed ring of teleportation {unknown}
Wands
 x - a wand of acid (4)
Scrolls
 e - 8 scrolls of remove curse
 h - 5 scrolls of teleportation
 j - a scroll of enchant weapon
 n - a scroll of amnesia
 w - 2 scrolls of fog
 y - a scroll of identify
Potions
 d - 3 potions of might
 f - a potion of degeneration
 g - 4 potions of brilliance
 k - a potion of cancellation {unknown}
 l - 5 potions of mutation
 m - 6 potions of flight
 o - 2 potions of curing
 u - a potion of magic
 z - a potion of attraction


   Skills:
 + Level 5.4 Fighting
 * Level 7.6 Long Blades
 - Level 3.2 Armour
 + Level 5.3 Dodging
 + Level 7.0 Shields
 * Level 6.3 Invocations


You had 9 spell levels left.
You didn't know any spells.
Your spell library contained the following spells:

 Spells                   Type           Power        Failure   Level
 Animate Skeleton         Necr           #.....       99%         1
 Pain                     Necr           #...         99%         1
 Vampiric Draining        Necr           #.........   100%        3
 Animate Dead             Necr           #.........   100%        4
 Agony                    Necr           #.......     100%        5


Dungeon Overview and Level Annotations

Branches:
Dungeon (11/15)            Temple (1/1) D:5             Orc (0/2) D:11
Ossuary (visited)
   Lair: D:8-11

Altars:
Ashenzari
Cheibriados
Dithmenos
Elyvilon
Fedhas
Gozag
Hepliaklqana
Kikubaaqudgha
Makhleb
Nemelex Xobeh
Okawaru
Qazlal
Ru
Sif Muna
Trog
Uskayaw
Vehumet
Wu Jian
Xom
Yredelemnul
Zin
The Shining One
Beogh

Shops:
D:9 ?*!*

Annotations:
D:3 exclusion: oklob plant


Innate Abilities, Weirdness & Mutations

You are small and have problems with some larger weapons.
You are somewhat resistant to further mutation.


Message History

The orc wizard is heavily wounded.
The orc priest hits you with a +0 dagger.
The orc wizard mumbles some strange words.
The orc wizard flickers and vanishes for a moment.
You block the orc priest's attack.
The orc throws a silver boomerang.
The silver boomerang barely misses you.
The weapon returns to the orc!
You block the orc priest's attack. The orc hits you with a +0 flail.
The orc priest mumbles some strange prayers to Beogh against you.
Beogh smites you!
The orc priest invokes the aid of Beogh against you.
Pain shoots through your body!
* * * LOW HITPOINT WARNING * * *
You block the orc's attack.
The orc priest calls down the wrath of Beogh upon you.
Beogh smites you!
* * * LOW HITPOINT WARNING * * *
The orc priest invokes the aid of Beogh against you.
Beogh smites you!
You die...

*,,##.#...##.#...##........,,,,,,
#,,#.....##.###...........,,,,,,,
..##........# #..........,,,,,,,,
............####..).....,,,,,**,*
.............#.....##.,,,,*****,,
...................##,,,,,,,*,,,,
..................?.#,,,,,,***,,,
............#.o....##,**,,,,**,,,
##.....#...##.oo@...#,**,,,,**,,,
#......#....#.#oo.......,,,,*,,,,
#[....###.....##.###....,<,,*,,,,
##.####............#,...,,,,,,,,,
##* ###..##.......,,,.,,,,*,,,,
#....###......#*,,,,,**,,,
#..###*...#...#**,,,,**,,, ####
*...#...# ***,,**,,, **,,*,,**
*,****,,


You could see 2 orc priests, an orc wizard (invisible) and 2 orcs.

Vanquished Creatures
  An unseen horror (D:11)
  Menkaure (Ossuary)
  2 ice beasts
  3 orc warriors
  An ogre (D:9)
  2 centaurs
  A big kobold (D:8)
  5 bullfrogs
  3 scorpions
  3 wights (D:7)
  3 hounds
  A centaur skeleton (D:7)
  4 orc priests
  4 orc wizards (D:9)
  An iguana (D:8)
  8 worker ants
  A hound skeleton (D:9)
  4 mummies
  8 adders
  2 white imps
  An ooze (D:2)
  2 worms
  3 leopard geckos
  16 orcs
  2 ball pythons
  4 bats
  6 giant cockroaches
  7 goblins
  7 hobgoblins
  5 jackals
  A quokka (D:6)
  4 frilled lizards
  3 gnoll skeletons (Ossuary)
  5 gnoll zombies (Ossuary)
  5 goblin skeletons (Ossuary)
  3 goblin zombies (Ossuary)
  2 hobgoblin skeletons (Ossuary)
  4 hobgoblin zombies
  12 kobolds
  6 kobold skeletons (Ossuary)
  3 kobold zombies (Ossuary)
  3 orc skeletons (Ossuary)
  6 orc zombies
  10 rats
  5 rat skeletons (Ossuary)
  6 rat zombies (Ossuary)
189 creatures vanquished.

Vanquished Creatures (others)
  A goblin skeleton (Ossuary)
  13 toadstools (D:3)
14 creatures vanquished.

Grand Total: 203 creatures vanquished

Notes
Turn   | Place    | Note
-------+----------+-------------------------------------------
     0 | D:1      | Kinoniko the Halfling Fighter began the quest for the Orb.
     0 | D:1      | Reached XP level 1. HP: 15/15 MP: 1/1
    90 | D:1      | Reached XP level 2. HP: 14/20 MP: 2/2
   454 | D:1      | Reached XP level 3. HP: 25/25 MP: 3/3
   799 | D:1      | Reached skill level 1 in Dodging
  1027 | D:2      | Reached XP level 4. HP: 27/30 MP: 4/4
  1522 | D:3      | Reached XP level 5. HP: 13/36 MP: 5/5
  2069 | D:3      | Found a blossoming altar of Fedhas.
  2276 | D:3      | Noticed an oklob plant
  2964 | D:4      | Reached XP level 6. HP: 41/42 MP: 6/6
  3602 | D:5      | Entered Level 5 of the Dungeon
  3673 | D:5      | Reached skill level 5 in Shields
  3852 | D:5      | Found a staircase to the Ecumenical Temple.
  3861 | Temple   | Entered the Ecumenical Temple
  4021 | Temple   | Became a worshipper of the Shining One
  4101 | D:5      | Found a shadowy altar of Dithmenos.
  4164 | D:5      | Reached XP level 7. HP: 36/46 MP: 7/7
  4277 | D:5      | Reached skill level 1 in Invocations
  4660 | D:6      | Reached skill level 5 in Long Blades
  5093 | D:6      | Reached XP level 8. HP: 40/54 MP: 9/9
  5735 | D:7      | Found a sand-covered staircase.
  5781 | Ossuary  | Entered an ossuary
  5800 | Ossuary  | Reached * piety under the Shining One
  5943 | Ossuary  | Reached ** piety under the Shining One
  6009 | Ossuary  | Reached *** piety under the Shining One
  6065 | Ossuary  | Reached **** piety under the Shining One
  6080 | Ossuary  | Noticed Menkaure
  6084 | Ossuary  | Killed Menkaure
  6384 | D:7      | Found a roughly hewn altar of Beogh.
  6601 | D:7      | Reached ***** piety under the Shining One
  7208 | D:8      | Reached XP level 9. HP: 44/59 MP: 12/12
  7220 | D:8      | Noticed an unseen horror
  7620 | D:8      | Reached skill level 5 in Invocations
  7990 | D:9      | Reached skill level 5 in Fighting
  8011 | D:9      | Found Ojal's General Store.
  8435 | D:9      | Found Nopria's Distillery.
  8435 | D:9      | Found Gyugim's Magic Scroll Emporium.
  8447 | D:9      | Bought a scroll of brand weapon for 340 gold pieces
  8483 | D:9      | Found Piti's Assorted Antiques.
  8528 | D:9      | Reached skill level 5 in Dodging
  8537 | D:9      | You fall into a shaft and drop 2 floors!
  8537 | D:11     | Noticed a cyclops
  8550 | D:11     | Noticed an unseen horror
  8625 | D:11     | Killed an unseen horror
  8625 | D:11     | Reached XP level 10. HP: 39/66 MP: 14/14
  8625 | D:11     | Noticed a boulder beetle
  8646 | D:11     | HP: 3/66 [orc priest/divine providence (16)]
  8646 | D:11     | Killed from afar by an orc priest

Illustrated notes

Levels and vault maps discovered:
D:1:      saegor_arrival_simple_e, layout_loops_ring
D:2:      layout_rooms
D:3:      layout_loops_ring, tgw_fedhas
D:4:      layout_cave_pods
D:5:      layout_basic, old_standard_altar, minmay_temple_entry_slanted
D:6:      layout_basic
D:7:      layout_loops_cross, nicolae_ossuary_entry_giza,
          david_defended_altar_orc
D:8:      layout_rooms, unseen_surprise_small
D:9:      layout_long_grid, david_lair_generic, serial_shops, shop,
          nicolae_shop_statue_plus, shop, shop, nicolae_shop_trees,
          grunt_ministairs_4, uniq_maurice
D:11:     layout_cave_pools, erik_orc_1, nicolae_trove_entry_crystal
Temple:   kilobyte_greek_temple

Skill      XL: |  1  2  3  4  5  6  7  8  9 |
---------------+----------------------------+-----
Dodging        | 1 2 3 4 5 |  5.3
Shields        | 4 5 6 7 |  7.0
Long Blades    | 3 4 5 6 7 |  7.6
Fighting       | 3 4 5 |  5.4
Invocations    | 2 4 6 |  6.3
Armour         | |  3.2

Action                   |  1- 3 |  4- 6 |  7- 9 | 10-12 || total
-------------------------+-------+-------+-------+-------++-------
Melee: Long sword        |    89 |   143 |   356 |     3 ||   591
  Use: Scroll            |       |    16 |    16 |       ||    32
       Potion            |       |       |     5 |       ||     5
Armor: Scale mail        |    42 |    29 |    55 |       ||   126
Dodge: Dodged            |    38 |    55 |   103 |     3 ||   199
Block: Kite shield       |    54 |   107 |   245 |     8 ||   414
       Rpst.: Long sword |    10 |    17 |    28 |       ||    55

Table legend: (Time is in decaauts)
 A = Elapsed time spent in this place.
 B = Non-inter-level travel time spent in this place.
 C = Inter-level travel time spent in this place.
 D = Time resting spent in this place.
 E = Time spent auto-exploring this place.
 F = Levels seen in this place.
 G = Mean time per level.
                   A        B        C        D        E       F      G
               +--------+--------+--------+--------+--------+-----+--------+
         Total |   8779 |   8482 |    297 |   2048 |   4932 |  12 |  731.6 |
       Dungeon |   8051 |   7786 |    265 |   1918 |   4732 |  10 |  805.1 |
        Temple |    209 |    177 |     32 |      0 |    126 |   1 |  209.0 |
       Ossuary |    518 |    518 |      0 |    130 |     74 |   1 |  518.0 |
               +--------+--------+--------+--------+--------+-----+--------+

Top non-repeatable levels by time:
     D:3: 1157 daAuts
     D:4: 1135 daAuts
     D:6: 1052 daAuts
     D:7: 966 daAuts
     D:1: 941 daAuts
     D:5: 850 daAuts
     D:8: 812 daAuts
     D:9: 582 daAuts
 Ossuary: 518 daAuts
     D:2: 443 daAuts
  Temple: 209 daAuts
    D:11: 110 daAuts
